cohdb
Replays
Latest Replays
All Replays
Popular Replays
Top Player Replays
Match Explorer
How It Works
Community
CoH3 Stats
Reddit
Sign in to upload your games and track your stats! →
Sign in with Steam
Match 44604831
Unlisted
Match 44604831
Overview
Messages
Build Orders
End
Royal Engineer Section
Vickers Machine Gun Team
Selects Canadian Shock Battlegroup
Construct Section Command Post
ML 3-inch Mortar Team
ML 3-inch Mortar Team
Dingo Light Scout Car
Royal Engineer Section
Selects Incendiary Munitions
Construct Platoon Command Post
Selects Offensive Resupply
Selects Canadian Shock Section
Canadian Shock Section
Construct Platoon Command Post
Humber Armored Car
Selects Pyrotechnics
Humber Armored Car
Light Vehicle Training
Construct Company Command Post
Royal Engineer Section
Infantry Section
Infantry Section
Crusader II Medium Tank
Grenade Package
CMP 15cwt Truck
Unlock Towed 17-pounder Anti-tank Guns
17-pounder Anti-tank Gun Team
Selects Churchill Crocodile Heavy Tank
Selects Smoke Operation
Royal Engineer Section
Royal Engineer Section
17-pounder Anti-tank Gun Team
FullMetalDesa
Judy
l3geNDry
浮生、毁你几座春秋
Jarkke
ViiKumi
0
0
Comments
sign in to comment!
No comments posted yet!